 Dungeon Crawl Stone Soup version 0.25.1-8-g42b30a86e7 (webtiles) character file.

Game seed: 13717405736822266821

137 hawla the Magician (level 5, -2/38 HPs)
             Began as a Draconian Conjurer on Dec 11, 2020.
             Killed by divine providence
             ... invoked by an orc priest
              (10 damage)
             ... on level 3 of the Dungeon.
             The game lasted 00:05:08 (2242 turns).

hawla the Magician (Draconian Conjurer)             Turns: 2242, Time: 00:05:09

Health: -2/38      AC:  5    Str: 10    XL:     5   Next: 0%
Magic:  3/12       EV: 12    Int: 17    God:
Gold:   74         SH:  0    Dex: 11    Spells: 10/13 levels left

rFire    . . .     SeeInvis .   (no weapon)
rCold    . . .     Gourm    .   (no shield)
rNeg     . . .     Faith    .   (armour unavailable)
rPois    .         Spirit   .   (helmet restricted)
rElec    .         Reflect  .   (no cloak)
rCorr    .         Harm     .   (no gloves)
MR       .....                  (no boots)
Stlth    ++........             (no amulet)
HPRegen  0.12/turn              (no ring)
MPRegen  0.13/turn              (no ring)

@: stab, hasted, very quick
A: unfitting armour, antennae 1, mutation resistance 1, cold-blooded, AC +5
a: no special abilities


You were on level 3 of the Dungeon.
You were not hungry.

You visited 1 branch of the dungeon, and saw 3 of its levels.

You collected 74 gold pieces.

Inventory:

Missiles
 k - 3 boomerangs (quivered)
Potions
 c - a potion of mutation
 d - a potion of invisibility
 e - a potion of berserk rage
Comestibles
 a - a chunk of flesh
 b - 3 rations


   Skills:
 - Level 1.7 Dodging
 - Level 1.7 Stealth
 + Level 4.8 Spellcasting
 - Level 4.0 Conjurations


You had 10 spell levels left.
You knew the following spells:

 Your Spells              Type           Power        Failure   Level  Hunger
a - Magic Dart            Conj           ###.         2%          1    None
b - Searing Ray           Conj           ###...       4%          2    #......

Your spell library contained the following spells:

 Spells                   Type           Power        Failure   Level  Hunger
 Dazzling Flash           Conj/Hex       ##....       19%         3    ###....
 Fulminant Prism          Conj/Hex       ##........   54%         4    ####...
 Iskenderun's Mystic Bla  Conj/Tloc      ##......     54%         4    ####...


Dungeon Overview and Level Annotations

Branches:
Dungeon (3/15)

Altars:
Dithmenos


Innate Abilities, Weirdness & Mutations

Your plain brown scales are hard. (AC +5)
You cannot fit into any form of body armour.
You are cold-blooded and may be slowed by cold attacks.
You have a pair of small antennae on your head.
You are somewhat resistant to further mutation.


Message History

The orc priest looks encouraged for a moment.
The orc priest barely misses you.
You aren't carrying any scrolls.
It was a potion of mutation.
You feel extremely strange. A pair of antennae grows on your head!
You feel genetically stable. The orc priest barely misses you.
The orc priest hits you from afar with a +0 trident.
It was a potion of stabbing.
You feel ready to backstab.
It was a potion of haste.
You feel yourself speed up.
The orc priest calls down the wrath of Beogh upon you.
Beogh smites you! The orc priest closely misses you.
The orc priest barely misses you.
The orc priest calls down the wrath of Beogh upon you.
Beogh smites you!
* * * LOW HITPOINT WARNING * * *
There is an escape hatch in the floor here.
The orc priest calls down the wrath of Beogh upon you.
Beogh smites you!
You die...

,**,*,,#,*...,,......,**,,* *,
,**,*,,#.##..,.....#.#**,,* *,
,**,,,,#....#,.....#.#**,,* ****,
,**,#,*#.##.###.......**,,* *,,,,
,**##..#.[............,,,****,*,*
,,,......)...w.......,,,,,,,,,,,,
,*****>**#.o.....#,,,,,,,,,,,,***
,,,* *,* #.......#,**,******,,* *
**,***,* #...o..@#,**,* *,,* *
,,,,,,,* #.......#,**,* *,,***
**,***** #.......#,**,* *,,,,,
**,* #.......#,**,* *,****
**,******##+#+####,**,* *,* *,
**,,,,,,,,,,*,,,,,,,,,* *,* *,
*****************,*********,* *,
*,,,,,,,,,,,,,,,,,,,,,,,,,,***,
*,*******************,,,,,,,,,,


You could see 2 orc priests and a dart slug.

Vanquished Creatures
  An orc priest (D:3)
  5 adders (D:2)
  A worm (D:2)
  3 dart slugs (D:1)
  A leopard gecko (D:2)
  2 orcs (D:3)
  A ball python (D:1)
  3 giant cockroaches (D:1)
  5 goblins
  5 hobgoblins
  3 jackals (D:1)
  7 kobolds
  8 bats
  3 frilled lizards
  6 rats
54 creatures vanquished.

Notes
Turn   | Place    | Note
-------+----------+-------------------------------------------
     0 | D:1      | hawla the Draconian Conjurer began the quest for the Orb.
     0 | D:1      | Reached XP level 1. HP: 14/14 MP: 3/3
   215 | D:1      | Reached XP level 2. HP: 20/20 MP: 1/5
   219 | D:1      | Learned a level 2 spell: Searing Ray
   685 | D:1      | Reached XP level 3. HP: 26/26 MP: 4/7
  1710 | D:2      | Reached XP level 4. HP: 33/33 MP: 7/10
  2120 | D:2      | Found a shadowy altar of Dithmenos.
  2231 | D:3      | Reached XP level 5. HP: 34/38 MP: 2/12
  2233 | D:3      | Gained mutation: You have a pair of small antennae on your
                  | head. [potion of mutation]
  2233 | D:3      | Gained mutation: You are somewhat resistant to further
                  | mutation. [potion of mutation]
  2242 | D:3      | Killed from afar by an orc priest

Illustrated notes

Levels and vault maps discovered:
D:1:      dpeg_arrival_subterranean_lakeside_camping, layout_loops_ring
D:2:      layout_loops_ring, nicolae_overflow_hidden_temple
D:3:      layout_basic

Skill      XL: |  1  2  3 |
---------------+----------+-----
Spellcasting   | 3 4 |  4.8
Dodging        | |  1.7
Stealth        | |  1.7
Conjurations   | |  4.0

Action                   |  1- 3 |  4- 6 || total
-------------------------+-------+-------++-------
Melee: Unarmed           |     8 |       ||     8
       Tailslap          |     2 |       ||     2
 Cast: Magic Dart        |    47 |     9 ||    56
       Searing Ray       |    16 |     4 ||    20
  Use: Scroll            |     1 |     6 ||     7
       Potion            |       |     3 ||     3
  Eat: Chunk             |     3 |     2 ||     5
Dodge: Dodged            |    11 |     8 ||    19
